 Dungeon Crawl Stone Soup version 0.21.0-3-g78d12a8 (webtiles) character file.

14191 zacerdocio the Fighter (level 11, -14/153 HPs)
             Began as a Minotaur Berserker on Jan 8, 2018.
             Was a High Priest of Trog.
             Demolished by an 11-headed hydra (15 damage)
             ... on level 1 of the Lair of Beasts.
             The game lasted 00:57:41 (8650 turns).

zacerdocio the Fighter (Minotaur Berserker)         Turns: 8650, Time: 00:57:42

Health: -14/153    AC: 13    Str: 32    XL:     11   Next: 85%
Magic:  10/10      EV: 15    Int:  4    God:    Trog [*****.]
Gold:   516        SH:  8    Dex: 10    Spells: 10/10 levels left

rFire    . . .     SeeInvis .   p - +4 great sword (chaos)
rCold    . . .     Gourm    .   (shield currently unavailable)
rNeg     . . .     Faith    .   x - +3 leather armour of the Orb Guardian {+Inv Regen+}
rPois    +         Spirit   .   (helmet restricted)
rElec    .         Reflect  +   A - +1 cloak
rCorr    +         Harm     .   f - +1 pair of gloves
MR       .....                  (no boots)
Stlth    ..........             M - brooch of Shielding {Reflect SH+8}
HPRegen  0.75/turn              k - ring of poison resistance
MPRegen  0.12/turn              o - ring of resist corrosion

@: berserking, very quick
A: retaliatory headbutt, horns 2, yellow scales 1, strong 1
a: Berserk, Trog's Hand, Brothers in Arms, Burn Spellbooks, Renounce Religion,
Evoke Invisibility


You were on level 1 of the Lair of Beasts.
You worshipped Trog.
Trog was extremely pleased with you.
You were very hungry.

You visited 3 branches of the dungeon, and saw 12 of its levels.

You collected 736 gold pieces.
You spent 220 gold pieces at shops.

Inventory:

Hand Weapons
 n - a +1 short sword of holy wrath
 p - a +4 great sword of chaos (weapon)
 G - a +2 antimagic halberd
Missiles
 d - 37 tomahawks (quivered)
 e - 6 tomahawks of returning
Armour
 f - a +1 pair of gloves (worn)
 x - the +3 leather armour of the Orb Guardian (worn) {+Inv Regen+}
   (You found it on level 4 of the Dungeon)

   It lets you turn invisible.
   It increases your rate of regeneration.
 A - a +1 cloak (worn)
Jewellery
 a - an uncursed ring of see invisible
 k - a ring of poison resistance (left hand)
 l - an uncursed amulet of faith
 m - an uncursed ring of flight
 o - a ring of resist corrosion (right hand)
 D - an uncursed amulet of rage {unknown}
 F - an uncursed ring of protection from fire
 M - the brooch of Shielding (around neck) {Reflect SH+8}
   (You found it on level 8 of the Dungeon)

   [amulet of reflection]

   It shields you and reflects attacks.
   It affects your SH (+8).
Wands
 b - a wand of iceblast (11)
 s - a wand of random effects (28)
 w - a wand of acid (9)
 C - a wand of disintegration (17)
 E - a wand of flame (19)
 H - a wand of paralysis (12)
Scrolls
 g - 5 scrolls of remove curse
 i - 3 scrolls of amnesia
 j - 3 scrolls of teleportation
 q - 2 scrolls of fog
 r - 2 scrolls of fear
 t - 5 scrolls of identify
 v - 2 scrolls of immolation
 y - a scroll of vulnerability {unknown}
Potions
 h - 2 potions of curing {unknown}
 u - 2 potions of brilliance
 B - 2 potions of degeneration
Miscellaneous
 N - a crystal ball of energy
Comestibles
 c - 25 rations
 z - 6 chunks of flesh


   Skills:
 + Level 11.0 Fighting
 + Level 10.2(11.1) Short Blades
 + Level 7.7(10.4) Long Blades
 + Level 10.7 Polearms
 + Level 5.9 Armour
 + Level 8.4 Dodging
 + Level 4.0 Stealth


You had 10 spell levels left.
You didn't know any spells.

Dungeon Overview and Level Annotations

Branches:
Dungeon (10/15)            Temple (1/1) D:6            Lair (1/6) D:10
    Orc (0/2) D:9

Altars:
Ashenzari
Cheibriados
Dithmenos
Elyvilon
Fedhas
Gozag
Hepliaklqana
Kikubaaqudgha
Makhleb
Nemelex Xobeh
Okawaru
Ru
Sif Muna
Trog
Uskayaw
Vehumet
Xom
Yredelemnul
Zin
The Shining One

Shops:
D:5 %

Annotations:
Lair:1 exclusion: oklob plant


Innate Abilities, Weirdness & Mutations

You reflexively headbutt those who attack you in melee.
You have a pair of horns on your head.
You are partially covered in yellow scales. (AC +2)
Your muscles are strong. (Str +2)


Message History

The water moccasin closely misses you.
You riposte.
You chop the water moccasin into pieces!!!
You freeze the water moccasin.
You kill the water moccasin!
Trog accepts your kill.
Your Fighting skill increases to level 11!
The 11-headed hydra bites you!
* * * LOW HITPOINT WARNING * * *
The 11-headed hydra bites you.
* * * LOW HITPOINT WARNING * * *
The 11-headed hydra misses you. You block the 11-headed hydra's attack.
The 11-headed hydra bites you but does no damage.
The 11-headed hydra bites you.
* * * LOW HITPOINT WARNING * * *
The 11-headed hydra bites you.
* * * LOW HITPOINT WARNING * * *
The 11-headed hydra bites you.
* * * LOW HITPOINT WARNING * * *
The 11-headed hydra misses you. The 11-headed hydra bites you!
You die...

.. ....... ...
......... ...##
.........
.#...###........
.......#......#
.......+......#
8..8..D.......#
...$.....@....#
........S....##
8...###.##.###
.....####...#
........#.###
....8...+.##
#.........#
.#.....+.##
###...###


You could see a 11-headed hydra and a water moccasin.

Vanquished Creatures
  2 centaur warriors (D:8)
  A two-headed ogre (D:9)
  An unseen horror (D:10)
  Pikel (D:5)
  An elephant (D:10)
  A cyclops (D:6)
  A centaur skeleton (D:10)
  A spiny frog (Lair:1)
  A gargoyle (D:6)
  2 trolls (D:8)
  Grinder (D:4)
  Prince Ribbit (D:8)
  The ghost of komo4ek the Caller, an amateur DrSu (D:5)
  2 hippogriffs
  Sigmund (D:5)
  4 hogs (D:7)
  6 yaks (D:10)
  A human (D:7)
  2 basilisks (D:10)
  A wyvern (D:8)
  2 hungry ghosts
  A steam dragon (D:10)
  Menkaure (D:5)
  A vampire mosquito (D:8)
  3 water moccasins
  3 orc warriors
  2 ice beasts (D:10)
  A necrophage (D:6)
  6 sky beasts
  3 ogres
  4 centaurs
  A crocodile (Lair:1)
  2 big kobolds
  Blork the orc (D:4)
  5 bullfrogs
  A gnoll sergeant (D:7)
  5 killer bees (D:10)
  7 wights
  A howler monkey (D:7)
  7 crimson imps
  2 bullfrog zombies
  7 hounds
  2 quasits
  11 orc priests
  5 jellies
  3 bullfrog skeletons
  4 iguanas
  Ijyb (D:3)
  13 orc wizards
  6 worker ants
  A killer bee zombie (D:10)
  A hound skeleton (D:9)
  A howler monkey zombie (D:6)
  3 worker ant zombies
  2 howler monkey skeletons
  12 adders
  5 gnolls (D:7)
  A shadow imp (D:6)
  5 oozes
  An adder zombie (D:5)
  An adder skeleton (D:4)
  6 worms
  4 dart slugs
  3 leopard geckos
  45 orcs
  3 ball pythons
  2 bats
  4 giant cockroaches
  7 goblins
  14 hobgoblins
  4 jackals
  5 quokkas
  A ball python skeleton (D:4)
  4 frilled lizards
  17 kobolds
  5 rats
300 creatures vanquished.

Vanquished Creatures (collateral kills)
  2 orc warriors (D:8)
  An ice beast (D:8)
  2 orc priests (D:8)
  An orc (D:8)
6 creatures vanquished.

Vanquished Creatures (others)
  An iguana (D:5)
1 creature vanquished.

Grand Total: 307 creatures vanquished

Notes
Turn   | Place    | Note
-------+----------+-------------------------------------------
     0 | D:1      | zacerdocio the Minotaur Berserker began the quest for the Orb.
     0 | D:1      | Reached XP level 1. HP: 19/19 MP: 0/0
    92 | D:1      | Reached XP level 2. HP: 26/27 MP: 1/1
   209 | D:1      | Reached skill level 4 in Fighting
   429 | D:1      | Reached XP level 3. HP: 33/33 MP: 2/2
   555 | D:2      | Found a shadowy altar of Dithmenos.
   580 | D:2      | Found a burning altar of Makhleb.
   585 | D:2      | Reached skill level 5 in Long Blades
   585 | D:2      | Reached XP level 4. HP: 28/41 MP: 3/3
   608 | D:2      | Reached ** piety under Trog
  1030 | D:2      | Found a radiant altar of Vehumet.
  1330 | D:2      | Gained mutation: Your muscles are strong. (Str +2) [potion of mutation]
  1330 | D:2      | Gained mutation: You are partially covered in yellow scales. (AC +2) [potion of mutation]
  1402 | D:3      | Reached XP level 5. HP: 38/47 MP: 4/4
  1709 | D:3      | Noticed Ijyb
  1719 | D:3      | Killed Ijyb
  2090 | D:4      | Reached skill level 1 in Short Blades
  2097 | D:4      | Reached skill level 5 in Fighting
  2100 | D:4      | Reached *** piety under Trog
  2130 | D:4      | Got a slimy leather armour
  2141 | D:4      | Identified the +3 leather armour of the Orb Guardian {+Inv Regen+} (You found it on level 4 of the Dungeon)
  2179 | D:4      | Reached XP level 6. HP: 54/56 MP: 5/5
  2359 | D:4      | Noticed Blork the orc
  2372 | D:4      | Killed Blork the orc
  2668 | D:4      | Noticed Grinder
  2681 | D:4      | Killed Grinder
  2681 | D:4      | Reached skill level 1 in Stealth
  2681 | D:4      | Reached XP level 7. HP: 52/62 MP: 6/6
  2982 | D:5      | Entered Level 5 of the Dungeon
  3111 | D:5      | Reached **** piety under Trog
  3117 | D:5      | Reached skill level 6 in Fighting
  3132 | D:5      | Found a hazy altar of Hepliaklqana.
  3238 | D:5      | Reached skill level 5 in Short Blades
  3313 | D:5      | Noticed Sigmund
  3326 | D:5      | Killed Sigmund
  3326 | D:5      | Reached XP level 8. HP: 71/71 MP: 7/7
  3386 | D:5      | Found Ugaptinu's Food Shoppe.
  3412 | D:5      | Bought a ration for 55 gold pieces
  3412 | D:5      | Bought a ration for 55 gold pieces
  3412 | D:5      | Bought a ration for 55 gold pieces
  3412 | D:5      | Bought a ration for 55 gold pieces
  3432 | D:5      | Noticed komo4ek's ghost (amateur DrSu)
  3442 | D:5      | Killed komo4ek's ghost
  3564 | D:5      | Noticed Pikel
  3588 | D:5      | Killed Pikel
  3588 | D:5      | Reached skill level 7 in Fighting
  3588 | D:5      | Reached skill level 5 in Dodging
  3654 | D:5      | Noticed Menkaure
  3661 | D:5      | Killed Menkaure
  3661 | D:5      | Reached XP level 9. HP: 80/80 MP: 8/8
  3950 | D:6      | Noticed a gargoyle
  3961 | D:6      | Reached ***** piety under Trog
  3962 | D:6      | Killed a gargoyle
  4001 | D:6      | Reached skill level 8 in Fighting
  4129 | D:6      | Found an opulent altar of Gozag.
  4129 | D:6      | Found a basalt altar of Yredelemnul.
  4130 | D:6      | Found a shimmering altar of Xom.
  4130 | D:6      | Found a shimmering altar of Xom.
  4131 | D:6      | Found a glowing silver altar of Zin.
  4131 | D:6      | Found a blossoming altar of Fedhas.
  4133 | D:6      | Found a radiant altar of Vehumet.
  4133 | D:6      | Found a white marble altar of Elyvilon.
  4135 | D:6      | Found a white marble altar of Elyvilon.
  4135 | D:6      | Found a shimmering altar of Xom.
  4136 | D:6      | Found a basalt altar of Yredelemnul.
  4136 | D:6      | Found a shadowy altar of Dithmenos.
  4142 | D:6      | Found a staircase to the Ecumenical Temple.
  4147 | Temple   | Entered the Ecumenical Temple
  4359 | D:6      | Received a gift from Trog
  4413 | D:6      | Noticed a cyclops
  4422 | D:6      | Killed a cyclops
  4555 | D:6      | Reached skill level 10 in Short Blades
  4626 | D:6      | Received a gift from Trog
  4952 | D:7      | Reached skill level 1 in Polearms
  4960 | D:7      | Reached XP level 10. HP: 75/90 MP: 3/9
  5679 | D:7      | Reached skill level 9 in Fighting
  5984 | D:8      | Reached skill level 5 in Polearms
  6777 | D:8      | Noticed a centaur warrior
  6779 | D:8      | Found the brooch of Shielding {Reflect SH+8}
  6798 | D:8      | Reached skill level 5 in Armour
  6826 | D:8      | Noticed a centaur warrior
  6829 | D:8      | Killed a centaur warrior
  6829 | D:8      | Reached XP level 11. HP: 43/99 MP: 3/10
  6835 | D:8      | Killed a centaur warrior
  7045 | D:9      | Noticed Prince Ribbit
  7067 | D:8      | Killed Prince Ribbit
  7138 | D:9      | Found a staircase to the Orcish Mines.
  7477 | D:9      | Reached skill level 10 in Fighting
  7486 | D:9      | Found an opulent altar of Gozag.
  7572 | D:9      | Noticed a two-headed ogre
  7578 | D:9      | Killed a two-headed ogre
  7748 | D:10     | Entered Level 10 of the Dungeon
  7896 | D:10     | Reached skill level 10 in Polearms
  7978 | D:10     | Found a blossoming altar of Fedhas.
  8129 | D:10     | Killed an unseen horror
  8277 | D:10     | Found a staircase to the Lair.
  8570 | Lair:1   | Entered Level 1 of the Lair of Beasts
  8600 | Lair:1   | Noticed an oklob plant
  8642 | Lair:1   | Noticed an eight-headed hydra
  8650 | Lair:1   | Reached skill level 11 in Fighting
  8650 | Lair:1   | HP: 7/153 [11-headed hydra (3)]
  8650 | Lair:1   | HP: 1/153 [11-headed hydra (5)]
  8650 | Lair:1   | Demolished by an 11-headed hydra

Skill      XL: |  1  2  3  4  5  6  7  8  9 10 11 |
---------------+----------------------------------+-----
Fighting       | 4 5 6 7 8 9 11 | 11.0
Long Blades    | 4 5 6 7 |  7.7
Dodging        | 3 4 5 6 7 8 |  8.4
Short Blades   | 1 4 5 8 10 | 10.2
Stealth        | 1 2 3 4 |  4.0
Armour         | 3 4 5 |  5.9
Polearms       | 1 8 10 | 10.7

Action                   |  1- 3 |  4- 6 |  7- 9 | 10-12 || total
-------------------------+-------+-------+-------+-------++-------
Melee: Falchion          |    48 |    67 |       |       ||   115
       Headbutt          |     6 |    30 |    81 |    65 ||   182
       Short sword       |       |   105 |   266 |       ||   371
       Halberd           |       |       |    35 |   309 ||   344
       Great sword       |       |       |       |    55 ||    55
Invok: Berserk           |       |     3 |     5 |     5 ||    13
       Burn Spellbooks   |       |       |     1 |     1 ||     2
       Brothers in Arms  |       |       |       |     1 ||     1
  Use: Potion            |       |     3 |     3 |     3 ||     9
       Scroll            |       |     2 |     4 |     9 ||    15
 Stab: Sleeping          |       |     1 |     2 |     8 ||    11
  Eat: Chunk             |       |     9 |    12 |    16 ||    37
       Ration            |       |       |       |     1 ||     1
Armor: Animal skin       |     6 |    25 |       |       ||    31
       Leather armour    |       |    12 |    85 |   143 ||   240
Dodge: Dodged            |    24 |    82 |   168 |   273 ||   547
Block: Other             |       |       |       |    87 ||    87
       Reflection        |       |       |       |     8 ||     8
       Rpst.: Falchion   |     7 |     5 |       |       ||    12
       Great sword       |       |       |       |     7 ||     7
